[ AOE2 MATCH · #506710115 ]
UnrankedCelts vs Jurchens
Player's team · LOSS
Rival team · WIN
[ REPLAY ANALYSIS · EXTRACTED FROM THE RECORDED GAME ]
Feudal
11:57
Castle
—
Imperial
—
| APM avg | 78.8 |
| APM peak | 119 |
| eAPM avg | 34.3 |
| Villagers / military | 32 / 8 |
Focus
⚔️ 68.2% · 🌾 31.8%
Militia ×8
Feudal
9:16
Castle
—
Imperial
—
| APM avg | 55.4 |
| APM peak | 74 |
| eAPM avg | 24.4 |
| Villagers / military | 33 / 3 |
Focus
⚔️ 42.3% · 🌾 57.7%
Scout Cavalry ×3
Match map
Initial resources + every placement click. Lines = walls · curves = elevation contours. ◆ gold · ⬟ stone · ● berries · ✦ relic · ◌ wall gap
Your base
RD | Lina's base
Smoothed initial terrain · ◌ = detected wall gap · hover for details
Inputs per minute
— Learning - - RD | Lina
Build order — Learning
59 actions detected in the replay
| 0:00 | Queue | Villager (Male) ×4 |
| 0:00 | Queue | Villager (Male) ×4 |
| 0:02 | Build | House |
| 0:03 | Build | House |
| 1:22 | Queue | Villager (Male) |
| 1:23 | Queue | Villager (Male) |
| 1:43 | Build | Lumber Camp |
| 1:57 | Queue | Villager (Male) |
| 2:11 | Queue | Villager (Male) |
| 2:47 | Queue | Villager (Male) |
| 2:47 | Queue | Villager (Male) |
| 2:58 | Queue | Villager (Male) |
| 2:58 | Queue | Villager (Male) |
| 3:25 | Build | House |
| 3:32 | Queue | Villager (Male) |
| 3:52 | Queue | Villager (Male) |
| 3:53 | Queue | Villager (Male) |
| 3:58 | Build | House |
| 4:05 | Build | House |
| 4:27 | Queue | Villager (Male) |
| 4:27 | Queue | Villager (Male) |
| 4:27 | Queue | Villager (Male) |
| 4:56 | Build | House |
| 5:14 | Queue | Villager (Male) |
| 5:14 | Queue | Villager (Male) |
| 5:22 | Queue | Villager (Male) |
| 5:34 | Build | Mill |
| 5:48 | Build | Barracks |
| 6:08 | Queue | Villager (Male) |
| 6:34 | Queue | Militia |
| 6:34 | Queue | Militia |
| 6:35 | Queue | Militia |
| 6:40 | Queue | Villager (Male) |
| 6:42 | Build | Mill |
| 7:23 | Queue | Militia |
| 7:39 | Queue | Villager (Male) |
| 7:43 | Build | House |
| 7:49 | Queue | Villager (Male) |
| 7:55 | Build | Mill |
| 8:20 | Build | Farm |
| 8:20 | Queue | Villager (Male) |
| 8:34 | Build | Farm |
| 8:52 | Queue | Villager (Male) |
| 8:58 | Build | House |
| 9:20 | Queue | Villager (Male) |
| 9:47 | Research | Feudal Age |
| 9:48 | Research | Feudal Age |
| 10:04 | Build | Mining Camp |
| 10:06 | Build | Farm |
| 10:07 | Build | Farm |
| 10:20 | Build | House |
| 10:35 | Build | House |
| 10:56 | Queue | Militia |
| 10:56 | Queue | Militia |
| 10:56 | Queue | Militia |
| 11:22 | Build | Palisade Wall |
| 11:29 | Queue | Militia |
| 11:38 | Build | Palisade Wall |
| 11:57 | Age | Feudal Age |
Build order — RD | Lina
64 actions detected in the replay
| 0:01 | Queue | Villager (Male) |
| 0:01 | Queue | Villager (Male) |
| 0:02 | Build | House |
| 0:04 | Build | House |
| 0:08 | Queue | Villager (Male) |
| 0:10 | Queue | Villager (Male) |
| 1:29 | Queue | Villager (Male) |
| 1:30 | Queue | Villager (Male) |
| 1:37 | Queue | Villager (Male) |
| 1:37 | Queue | Villager (Male) |
| 2:18 | Queue | Villager (Male) |
| 2:18 | Queue | Villager (Male) |
| 2:22 | Build | Mill |
| 2:35 | Queue | Villager (Male) |
| 3:01 | Queue | Villager (Male) |
| 3:12 | Queue | Villager (Male) |
| 3:27 | Build | House |
| 3:34 | Queue | Villager (Male) |
| 4:10 | Queue | Villager (Male) |
| 4:11 | Queue | Villager (Male) |
| 4:25 | Queue | Villager (Male) |
| 4:28 | Queue | Villager (Male) |
| 4:35 | Queue | Villager (Male) |
| 4:44 | Queue | Villager (Male) |
| 5:19 | Queue | Villager (Male) |
| 5:29 | Build | Lumber Camp |
| 5:29 | Queue | Villager (Male) |
| 6:22 | Research | Loom |
| 6:42 | Research | Feudal Age |
| 6:42 | Research | Feudal Age |
| 6:48 | Build | Palisade Wall |
| 6:51 | Build | Palisade Wall |
| 7:13 | Build | Palisade Wall |
| 7:15 | Build | House |
| 7:20 | Queue | Villager (Male) |
| 7:21 | Queue | Villager (Male) |
| 7:23 | Build | Palisade Wall |
| 7:41 | Build | House |
| 7:48 | Queue | Villager (Male) |
| 8:14 | Build | Palisade Wall |
| 8:26 | Build | Barracks |
| 8:29 | Queue | Villager (Male) |
| 9:13 | Queue | Villager (Male) |
| 9:16 | Age | Feudal Age |
| 9:17 | Build | House |
| 9:20 | Build | Stable |
| 9:20 | Queue | Villager (Male) |
| 9:38 | Build | Mill |
| 9:57 | Build | Palisade Wall |
| 9:59 | Queue | Villager (Male) |
| 10:03 | Queue | Scout Cavalry |
| 10:13 | Research | Double-Bit Axe |
| 10:22 | Queue | Scout Cavalry |
| 10:44 | Queue | Scout Cavalry |
| 10:46 | Queue | Villager (Male) |
| 11:07 | Queue | Villager (Male) |
| 11:09 | Build | Farm |
| 11:13 | Build | House |
| 11:15 | Build | House |
| 11:21 | Build | Farm |
| 11:29 | Research | Horse Collar |
| 11:29 | Research | Horse Collar |
| 11:48 | Queue | Villager (Male) |
| 11:50 | Queue | Villager (Male) |
Match timeline
| 5:48 | Learning · first_building Barracks |
| 6:48 | RD | Lina · wall_segment Palisade Wall x5 |
| 6:51 | RD | Lina · wall_segment Palisade Wall x4 |
| 7:13 | RD | Lina · wall_segment Palisade Wall x1 |
| 7:23 | RD | Lina · wall_segment Palisade Wall x1 |
| 8:14 | RD | Lina · wall_segment Palisade Wall x5 |
| 8:26 | RD | Lina · first_building Barracks |
| 9:16 | RD | Lina · age_up feudal |
| 9:20 | RD | Lina · first_building Stable |
| 9:57 | RD | Lina · wall_segment Palisade Wall x1 |
| 11:22 | Learning · wall_segment Palisade Wall x11 |
| 11:38 | Learning · wall_segment Palisade Wall x8 |
| 11:57 | Learning · age_up feudal |
| 12:00 | Learning · resign |
[ AI ANALYSIS · 1 CREDIT ]
What really happened in this match?
Wolo.gg analyzes every decision: build order, eco, micro, common mistakes by bracket. Personalized analysis on WhatsApp or Discord in 30 seconds.
Civ guide
Celts
Perfil
Jugador #4521457